[Event "CZE-ch Open 2019"]
[Site "Ostrava"]
[Date "2019.04.29"]
[Round "3.4"]
[White "Rubes, Jan"]
[Black "Stocek, Jiri"]
[Result "1/2-1/2"]
[ECO "B66"]
[WhiteElo "2345"]
[BlackElo "2563"]
[Annotator "RC"]
[PlyCount "96"]
[EventDate "2019.04.27"]
[EventType "swiss"]
[EventCountry "CZE"]
[SourceTitle "playchess.com"]
[Source "ChessBase"]
[SourceQuality "1"]
[TimeControl "40/5400+30:1800+30"]

1. e4 c5 2. Nf3 d6 3. d4 cxd4 4. Nxd4 Nf6 5. Nc3 Nc6 6. Bg5 e6 7. Qd2 a6 8. O-O-O Be7 9. h4 Nxd4 10. Qxd4 h6 11. Bxf6 Bxf6 12. Qxd6 Qxd6 13. Rxd6 Bd7 14. f4 g5 15. hxg5 hxg5 16. Rxh8+ Bxh8 17. g3 Bg7 18. e5 Bc6 19. b4 gxf4 20. gxf4 Bh6 21. Rd4 Rd8 22. Rc4 Bf3 23. a4 b5 24. axb5 axb5 25. Rc5 Bxf4+ 26. Kb2 Be3 27. Bxb5+ Kf8 28. Rc4 Bd4 29. Bc6 Bxc6 30. Rxc6 Bxe5 31. Kb3 Ke7 32. Ne4 Rd1 33. Nc5 Bd6 34. c4 f5 35. Nxe6 Kxe6 36. c5 f4 37. cxd6 f3 38. d7+ Ke5 39. Rc1 Rxd7 40. b5 f2 41. Rf1 Rf7 42. Kc4 Ke4 43. b6 Ke3 44. Kc5 Ke2 45. Rxf2+ Kxf2 46. Kc6 Ke3 47. b7 Rxb7 48. Kxb7 Kd4 1/2-1/2

[Event "CZE-ch Open 2019"]
[Site "Ostrava"]
[Date "2019.04.29"]
[Round "3.8"]
[White "Svanda, Ondrej"]
[Black "Kraus, Tomas"]
[Result "0-1"]
[ECO "C41"]
[WhiteElo "2309"]
[BlackElo "2456"]
[Annotator "RC"]
[PlyCount "56"]
[EventDate "2019.04.27"]
[EventType "swiss"]
[EventCountry "CZE"]
[SourceTitle "playchess.com"]
[Source "ChessBase"]
[SourceQuality "1"]
[TimeControl "40/5400+30:1800+30"]

1. e4 d6 2. d4 Nf6 3. Nc3 e5 4. Nf3 Nbd7 5. Bc4 Be7 6. O-O O-O 7. Qe2 c6 8. a4 exd4 9. Nxd4 Re8 10. Re1 d5 11. Ba2 Bb4 12. Bd2 Nxe4 13. Nb1 Bc5 14. Be3 Ndf6 15. c3 Ng4 16. h3 Nexf2 17. hxg4 Nxg4 18. Qd2 Qh4 19. Na3 Qh2+ 20. Kf1 Rxe3 21. Rxe3 Qf4+ 22. Kg1 Qh2+ 23. Kf1 Qh1+ 24. Ke2 Qxg2+ 25. Kd3 Nxe3 26. Kxe3 Qg3+ 27. Ke2 Bg4+ 28. Kf1 Re8 0-1

[Event "CZE-ch Open 2019"]
[Site "Ostrava"]
[Date "2019.05.01"]
[Round "5.2"]
[White "Hracek, Zbynek"]
[Black "Simacek, Pavel"]
[Result "1-0"]
[ECO "B73"]
[WhiteElo "2585"]
[BlackElo "2471"]
[Annotator "ChessBase"]
[PlyCount "79"]
[EventDate "2019.04.27"]
[EventType "swiss"]
[EventCountry "CZE"]
[SourceTitle "playchess.com"]
[Source "ChessBase"]
[SourceQuality "1"]
[TimeControl "40/5400+30:1800+30"]

1. e4 c5 2. Nf3 g6 3. d4 cxd4 4. Nxd4 Nf6 5. Nc3 d6 6. Be2 Bg7 7. O-O O-O 8. Be3 Nc6 9. Qd2 Ng4 10. Bxg4 Bxg4 11. Nd5 Be6 12. c4 Bxd5 13. exd5 Nxd4 14. Bxd4 Bxd4 15. Qxd4 Qd7 16. Rfe1 Rfe8 17. a4 a6 18. h4 h5 19. b3 e5 20. dxe6 Rxe6 21. Rxe6 Qxe6 22. Rd1 Rd8 23. g3 Rd7 24. Kg2 Qg4 25. Qd5 Qe6 26. Qf3 Qg4 27. Qxg4 hxg4 28. Rd4 f5 29. f3 gxf3+ 30. Kxf3 Kf7 31. Kf4 Re7 32. Rxd6 Re4+ 33. Kf3 b5 34. cxb5 axb5 35. a5 Rb4 36. Rd3 Re4 37. a6 Re1 38. Rd8 Ra1 39. Ra8 Ra3 40. a7 1-0

[Event "CZE-ch Open 2019"]
[Site "Ostrava"]
[Date "2019.05.01"]
[Round "5.4"]
[White "Babula, Vlastimil"]
[Black "Pulpan, Jakub"]
[Result "1-0"]
[ECO "D41"]
[WhiteElo "2549"]
[BlackElo "2418"]
[Annotator "RC"]
[PlyCount "56"]
[EventDate "2019.04.27"]
[EventType "swiss"]
[EventCountry "CZE"]
[SourceTitle "playchess.com"]
[Source "ChessBase"]
[SourceQuality "1"]
[TimeControl "40/5400+30:1800+30"]

1. d4 Nf6 2. c4 e6 3. Nf3 d5 4. Nc3 c5 5. cxd5 Nxd5 6. e4 Nxc3 7. bxc3 cxd4 8. cxd4 Bb4+ 9. Bd2 Bxd2+ 10. Qxd2 O-O 11. Bc4 Nd7 12. O-O b6 13. Rad1 Bb7 14. Rfe1 Rc8 15. Bb3 Re8 16. h3 Nf6 17. Qf4 Nh5 18. Qh2 h6 19. h4 b5 20. Ne5 a5 21. d5 exd5 22. Bxd5 Bxd5 23. exd5 Qf6 24. d6 Rcd8 25. d7 Re6 26. Ng4 Rxe1+ 27. Rxe1 Qd4 28. Qe5 Qxg4 1-0

[Event "CZE-ch Open 2019"]
[Site "Ostrava"]
[Date "2019.05.01"]
[Round "5.5"]
[White "Plat, Vojtech"]
[Black "Miesbauer, Jan"]
[Result "1-0"]
[ECO "A10"]
[WhiteElo "2535"]
[BlackElo "2402"]
[Annotator "ChessBase"]
[PlyCount "93"]
[EventDate "2019.04.27"]
[EventType "swiss"]
[EventCountry "CZE"]
[SourceTitle "playchess.com"]
[Source "ChessBase"]
[SourceQuality "1"]
[TimeControl "40/5400+30:1800+30"]

1. c4 g6 2. Nc3 c5 3. Nf3 Bg7 4. e3 Nf6 5. d4 cxd4 6. exd4 O-O 7. Be2 d5 8. O-O Nc6 9. h3 Be6 10. Ng5 Bf5 11. Be3 dxc4 12. Bxc4 Rc8 13. Rc1 Na5 14. Be2 Nd5 15. Nxd5 Qxd5 16. Qa4 Rxc1 17. Rxc1 Nc6 18. Bf3 Qd7 19. Bxc6 bxc6 20. Qxc6 Rc8 21. Qxc8+ Qxc8 22. Rxc8+ Bxc8 23. Ne4 f5 24. Nc3 a6 25. f4 e6 26. Kf2 Bf8 27. a3 Bd7 28. Bd2 Bd6 29. g3 Kf7 30. Na2 h6 31. h4 Bb5 32. Bb4 Bc7 33. Nc3 Bc6 34. Nd1 Bd8 35. Bd2 Bb6 36. Be3 Ke7 37. d5 Bxe3+ 38. Nxe3 exd5 39. Nc2 d4 40. Nxd4 Bd7 41. Ke3 Kd6 42. Nf3 Kd5 43. b3 Be8 44. Ne1 Bd7 45. Nd3 a5 46. Ne5 Be8 47. Nc4 1-0

[Event "CZE-ch Open 2019"]
[Site "Ostrava"]
[Date "2019.05.01"]
[Round "5.6"]
[White "Rubes, Jan"]
[Black "Kraus, Tomas"]
[Result "0-1"]
[ECO "B24"]
[WhiteElo "2345"]
[BlackElo "2456"]
[Annotator "ChessBase"]
[PlyCount "64"]
[EventDate "2019.04.27"]
[EventType "swiss"]
[EventCountry "CZE"]
[SourceTitle "playchess.com"]
[Source "ChessBase"]
[SourceQuality "1"]
[TimeControl "40/5400+30:1800+30"]

1. e4 c5 2. Nc3 Nc6 3. Nf3 e5 4. Bc4 Be7 5. d3 Nf6 6. O-O O-O 7. a4 d6 8. h3 Be6 9. Ng5 Bd7 10. f4 exf4 11. Bxf4 h6 12. Nf3 Be6 13. Qd2 d5 14. exd5 Nxd5 15. Rae1 Rc8 16. Bxh6 Nxc3 17. Bxe6 fxe6 18. bxc3 gxh6 19. Rxe6 Bg5 20. Qe2 Qd5 21. h4 Bf6 22. c4 Qh5 23. Qe4 Bg7 24. g4 Qf7 25. Kh2 Nd4 26. Nxd4 Qxf1 27. Nf5 Qf2+ 28. Kh3 Rc7 29. Qd5 Kh8 30. Qd6 Rxf5 31. gxf5 Qxf5+ 32. Kh2 Rf7 0-1

[Event "CZE-ch Open 2019"]
[Site "Ostrava"]
[Date "2019.05.01"]
[Round "5.8"]
[White "Michalik, Peter"]
[Black "Hausner, Ivan"]
[Result "1-0"]
[ECO "C03"]
[WhiteElo "2577"]
[BlackElo "2349"]
[Annotator "ChessBase"]
[PlyCount "53"]
[EventDate "2019.04.27"]
[EventType "swiss"]
[EventCountry "CZE"]
[SourceTitle "playchess.com"]
[Source "ChessBase"]
[SourceQuality "1"]
[TimeControl "40/5400+30:1800+30"]

1. e4 e6 2. d4 d5 3. Nd2 Be7 4. Ngf3 Nf6 5. e5 Nfd7 6. Bd3 c5 7. c3 Nc6 8. O-O a5 9. a4 Qb6 10. dxc5 Qc7 11. Nb3 Ndxe5 12. Nxe5 Qxe5 13. f4 Qf6 14. Be3 O-O 15. Qc2 g6 16. Bb5 e5 17. Rae1 Bf5 18. fxe5 Qxe5 19. Qf2 Qg7 20. Bxc6 bxc6 21. Nd4 Bd7 22. Bh6 Qxh6 23. Rxe7 Be6 24. Nxc6 Qg5 25. h4 Qg4 26. Qf6 Bf5 27. Ne5 1-0

[Event "CZE-ch Open 2019"]
[Site "Ostrava"]
[Date "2019.05.01"]
[Round "5.9"]
[White "Krejci, Jan"]
[Black "Jasny, Stanislav"]
[Result "1-0"]
[ECO "A10"]
[WhiteElo "2588"]
[BlackElo "2347"]
[Annotator "ChessBase"]
[PlyCount "83"]
[EventDate "2019.04.27"]
[EventType "swiss"]
[EventCountry "CZE"]
[SourceTitle "playchess.com"]
[Source "ChessBase"]
[SourceQuality "1"]
[TimeControl "40/5400+30:1800+30"]

1. c4 g6 2. d4 Bg7 3. g3 d6 4. Bg2 Nd7 5. Nf3 e5 6. Nc3 Ne7 7. h4 h6 8. e4 exd4 9. Nxd4 Ne5 10. O-O O-O 11. Qe2 N7c6 12. Nc2 Bg4 13. f3 Be6 14. Nd5 Na5 15. b3 a6 16. Be3 b5 17. Qd2 Naxc4 18. bxc4 Nxc4 19. Qd3 Nxe3 20. Ncxe3 Bxa1 21. Rxa1 c6 22. Nf4 Qf6 23. Rc1 Bd7 24. Rd1 Rfd8 25. Qa3 Be8 26. Ng4 Qg7 27. Rxd6 Qf8 28. Nf6+ Kh8 29. e5 Rxd6 30. exd6 Qg7 31. Qb2 Bd7 32. Nd3 Rd8 33. Qe5 Be6 34. f4 Rxd6 35. Qxd6 Qxf6 36. Ne5 Qf5 37. Nxc6 Qb1+ 38. Kh2 Qxa2 39. Qf8+ Kh7 40. Ne7 f5 41. Qf6 Bf7 42. h5 1-0

[Event "CZE-ch Open 2019"]
[Site "Ostrava"]
[Date "2019.05.01"]
[Round "5.10"]
[White "Kulhanek, Tomas"]
[Black "Nguyen, Thai Dai Van"]
[Result "1/2-1/2"]
[ECO "B40"]
[WhiteElo "2316"]
[BlackElo "2547"]
[Annotator "ChessBase"]
[PlyCount "61"]
[EventDate "2019.04.27"]
[EventType "swiss"]
[EventCountry "CZE"]
[SourceTitle "playchess.com"]
[Source "ChessBase"]
[SourceQuality "1"]
[TimeControl "40/5400+30:1800+30"]

1. e4 c5 2. Nf3 e6 3. b3 b6 4. d4 cxd4 5. Nxd4 Bb7 6. Bd3 Nc6 7. Nxc6 Bxc6 8. Bb2 Nf6 9. Nd2 d5 10. e5 Ne4 11. O-O Bb4 12. Nxe4 dxe4 13. Bxe4 Bxe4 14. Qg4 Qd5 15. Rad1 Qc6 16. Rd4 Bxg2 17. Qxg2 Qxg2+ 18. Kxg2 Bc5 19. Rd3 Ke7 20. Rfd1 Rhd8 21. Rxd8 Rxd8 22. Rxd8 Kxd8 23. f4 Kd7 24. Kf3 Kc6 25. Ke4 Be7 26. c4 a5 27. h3 Bb4 28. Bd4 Bd2 29. Bb2 Bb4 30. Bd4 Bd2 31. Bb2 1/2-1/2

[Event "CZE-ch Open 2019"]
[Site "Ostrava"]
[Date "2019.05.01"]
[Round "5.11"]
[White "Kociscak, Jiri"]
[Black "Blatny, Pavel"]
[Result "1-0"]
[ECO "A40"]
[WhiteElo "2496"]
[BlackElo "2326"]
[Annotator "ChessBase"]
[PlyCount "129"]
[EventDate "2019.04.27"]
[EventType "swiss"]
[EventCountry "CZE"]
[SourceTitle "playchess.com"]
[Source "ChessBase"]
[SourceQuality "1"]
[TimeControl "40/5400+30:1800+30"]

1. d4 e6 2. c4 f5 3. Nf3 Be7 4. g3 b6 5. Bg2 Bb7 6. O-O Nf6 7. b3 O-O 8. Bb2 a5 9. Nc3 Ne4 10. d5 Bf6 11. Nd4 Nxc3 12. Bxc3 c5 13. dxc6 Nxc6 14. Nb5 Bxc3 15. Nxc3 Qe7 16. Qd2 Nd8 17. Rfd1 Bxg2 18. Kxg2 Rf7 19. Qd6 Nc6 20. Na4 Rb8 21. Qc7 Qd8 22. Qxd8+ Nxd8 23. Rd6 Nc6 24. c5 bxc5 25. Nxc5 Ne5 26. Rad1 Rc8 27. Nb7 Rc2 28. R1d2 Rxd2 29. Rxd2 a4 30. bxa4 Nc4 31. Rd3 d5 32. Rb3 Rf8 33. Nc5 e5 34. Rb7 Ra8 35. Ne6 g6 36. Nc7 Ra5 37. Rb4 Nd6 38. Nb5 Ne4 39. f4 exf4 40. gxf4 Nc5 41. Nc3 Ne4 42. Nb5 Nc5 43. Nc7 Ne4 44. Kf3 Nc3 45. a3 Nxa4 46. Rb5 Rxb5 47. Nxb5 Kf7 48. Ke3 Ke6 49. Kd4 Nb6 50. Kc5 Nc4 51. a4 Kd7 52. Nc3 Nd2 53. Kxd5 Nf1 54. h3 Ng3 55. Ke5 Kc6 56. Kf6 Kc5 57. a5 Kc6 58. Kg5 Kb7 59. Kh6 Ka6 60. Kxh7 Kxa5 61. e3 Kb4 62. Nd1 Kc4 63. Kxg6 Kd3 64. h4 Ke2 65. h5 1-0

[Event "CZE-ch Open 2019"]
[Site "Ostrava"]
[Date "2019.05.01"]
[Round "5.12"]
[White "Zwardon, Vojtech"]
[Black "Svanda, Ondrej"]
[Result "1-0"]
[ECO "A36"]
[WhiteElo "2458"]
[BlackElo "2309"]
[Annotator "ChessBase"]
[PlyCount "85"]
[EventDate "2019.04.27"]
[EventType "swiss"]
[EventCountry "CZE"]
[SourceTitle "playchess.com"]
[Source "ChessBase"]
[SourceQuality "1"]
[TimeControl "40/5400+30:1800+30"]

1. c4 c5 2. g3 g6 3. Bg2 Bg7 4. Nc3 Nc6 5. a3 a5 6. d3 d6 7. Nf3 e5 8. O-O Nge7 9. Bd2 O-O 10. Ne1 Be6 11. Nd5 Nd4 12. e3 Ndf5 13. Qb3 Nxd5 14. cxd5 Bc8 15. a4 b6 16. Nc2 Rb8 17. Bxa5 Bd7 18. Bd2 b5 19. a5 b4 20. a6 Qb6 21. Ra2 Ra8 22. Rfa1 Rfb8 23. e4 Nd4 24. Nxd4 exd4 25. Ra5 Ra7 26. Bf4 Rba8 27. Qc4 Rb8 28. Bf1 Bb5 29. Rxb5 Qxb5 30. Bxd6 Qxc4 31. dxc4 Rba8 32. Bxc5 Rxa6 33. Rxa6 Rxa6 34. Bxb4 Ra1 35. d6 d3 36. c5 Rc1 37. Kg2 d2 38. Bxd2 Rxc5 39. b4 Rc2 40. Bg5 Bd4 41. d7 Rxf2+ 42. Kh3 Bb6 43. Be3 1-0

[Event "CZE-ch Open 2019"]
[Site "Ostrava"]
[Date "2019.05.01"]
[Round "5.13"]
[White "Biolek, Richard Jr."]
[Black "Worek, Joanna"]
[Result "1/2-1/2"]
[ECO "D00"]
[WhiteElo "2442"]
[BlackElo "2299"]
[Annotator "RC"]
[PlyCount "148"]
[EventDate "2019.04.27"]
[EventType "swiss"]
[EventCountry "CZE"]
[SourceTitle "playchess.com"]
[Source "ChessBase"]
[SourceQuality "1"]
[TimeControl "40/5400+30:1800+30"]

1. d4 d5 2. Bf4 Nf6 3. e3 c5 4. Nf3 Nc6 5. Nbd2 cxd4 6. exd4 Bf5 7. c3 e6 8. Qb3 Bd6 9. Bxd6 Qxd6 10. Be2 O-O 11. a4 b6 12. O-O h6 13. Qa3 Qc7 14. Rfc1 Ne4 15. Nxe4 Bxe4 16. Nd2 Bg6 17. Bf3 Rac8 18. Nb3 Qf4 19. Re1 Bc2 20. Be2 Bxb3 21. Qxb3 Na5 22. Qb5 Rc7 23. Bd3 g6 24. Re5 Kg7 25. g3 Qf6 26. Kg2 Qd8 27. Re2 Qd6 28. Qa6 h5 29. h4 Qc6 30. Bb5 Qb7 31. Qxb7 Nxb7 32. Ba6 Nd6 33. Kf1 Kf6 34. Ke1 Re8 35. Kd2 Rce7 36. Rae1 Rc7 37. Ra1 Rce7 38. Rae1 Rc7 39. Kd3 Rg8 40. Rh1 Re8 41. Kc2 Rb8 42. Ra1 Ke7 43. Kd3 Nf5 44. Kd2 Nd6 45. Kd3 Nf5 46. Kd2 Nd6 47. Ke3 Kf6 48. Kd3 Ke7 49. Rc2 Rd8 50. Re1 Kf6 51. Rce2 Rg8 52. Rh1 Rb8 53. Rc2 Rd8 54. Ra1 Ke7 55. Rd2 Rb8 56. Rad1 Kf6 57. Re2 Ke7 58. Kc2 Kf6 59. Ra1 Ke7 60. Re3 Nf5 61. Rd3 Nd6 62. Kd2 Kf6 63. Ke2 Rg8 64. Rc1 Rd8 65. Rf3+ Ke7 66. Rd3 Kf6 67. Rg1 Rh8 68. Ra1 Rb8 69. Rdd1 Rh8 70. Rdc1 Rb8 71. Bb5 Ra8 72. Ba6 Rb8 73. Bb5 Ra8 74. Ba6 Rb8 1/2-1/2

[Event "CZE-ch Open 2019"]
[Site "Ostrava"]
[Date "2019.05.01"]
[Round "5.14"]
[White "Mikes, Jan"]
[Black "Riha, Vojtech"]
[Result "1-0"]
[ECO "B68"]
[WhiteElo "2394"]
[BlackElo "2288"]
[Annotator "NA"]
[PlyCount "69"]
[EventDate "2019.04.27"]
[EventType "swiss"]
[EventCountry "CZE"]
[SourceTitle "playchess.com"]
[Source "ChessBase"]
[SourceQuality "1"]
[TimeControl "40/5400+30:1800+30"]

1. e4 c5 2. Nf3 Nc6 3. Nc3 d6 4. d4 cxd4 5. Nxd4 Nf6 6. Bg5 e6 7. Qd2 Be7 8. O-O-O a6 9. f4 Bd7 10. Nf3 h6 11. Bxf6 gxf6 12. f5 b5 13. Kb1 Qb6 14. g3 Rc8 15. fxe6 fxe6 16. Bh3 a5 17. Ne2 Rh7 18. Nf4 e5 19. Nd5 Qc5 20. Bxd7+ Kxd7 21. Nh4 Nb4 22. Nxb4 axb4 23. Nf5 h5 24. Rhf1 Bf8 25. Rf3 Rc6 26. Rd3 Ra6 27. Rd5 Qc4 28. b3 Qc6 29. Qxb4 Rb6 30. Rc5 Qb7 31. Rdd5 Rf7 32. Rxb5 Rxb5 33. Rxb5 Qc6 34. Rb6 Qc8 35. Qb5+ 1-0

[Event "CZE-ch Open 2019"]
[Site "Ostrava"]
[Date "2019.05.01"]
[Round "5.15"]
[White "Zeman, Matyas"]
[Black "Mrazek, Lumir"]
[Result "1-0"]
[ECO "A83"]
[WhiteElo "2244"]
[BlackElo "2364"]
[Annotator "NA"]
[PlyCount "69"]
[EventDate "2019.04.27"]
[EventType "swiss"]
[EventCountry "CZE"]
[SourceTitle "playchess.com"]
[Source "ChessBase"]
[SourceQuality "1"]
[TimeControl "40/5400+30:1800+30"]

1. d4 f5 2. e4 fxe4 3. Nc3 Nf6 4. Bg5 c6 5. f3 Qa5 6. Qd2 h6 7. Bxf6 exf6 8. fxe4 Bb4 9. Bd3 O-O 10. Nf3 d5 11. O-O dxe4 12. Bxe4 Bf5 13. Qd3 Bxe4 14. Nxe4 f5 15. Ng3 Bd6 16. Qb3+ Kh7 17. Qxb7 Qb6 18. Qxb6 axb6 19. a3 Nd7 20. Rae1 Bxg3 21. hxg3 Rae8 22. Rxe8 Rxe8 23. Re1 Re4 24. Rxe4 fxe4 25. Nd2 Nf6 26. Nc4 Nd5 27. Kf2 h5 28. Ne3 Kg6 29. Nxd5 cxd5 30. a4 Kf5 31. b3 Kg4 32. c4 dxc4 33. bxc4 e3+ 34. Kxe3 Kxg3 35. d5 1-0

[Event "CZE-ch Open 2019"]
[Site "Ostrava"]
[Date "2019.05.01"]
[Round "5.16"]
[White "Bures, Martin"]
[Black "Roubalik, Jakub"]
[Result "0-1"]
[ECO "D30"]
[WhiteElo "2150"]
[BlackElo "2417"]
[Annotator "NA RC"]
[PlyCount "82"]
[EventDate "2019.04.27"]
[EventType "swiss"]
[EventCountry "CZE"]
[SourceTitle "playchess.com"]
[Source "ChessBase"]
[SourceQuality "1"]
[TimeControl "40/5400+30:1800+30"]

1. d4 Nf6 2. c4 e6 3. Nf3 d5 4. Bg5 Be7 5. Nc3 h6 6. Bxf6 Bxf6 7. e3 c6 8. Qc2 Nd7 9. Rd1 O-O 10. a3 Qe7 11. Be2 g6 12. O-O Bg7 13. e4 dxc4 14. Bxc4 e5 15. d5 Nb6 16. Ba2 Bg4 17. dxc6 Bxf3 18. gxf3 bxc6 19. Rd3 Rad8 20. Rfd1 h5 21. Qd2 Rd4 22. Ne2 c5 23. Nxd4 cxd4 24. Rc1 Kh7 25. Rc6 Bh6 26. Qc2 Rd8 27. Rc7 Rd7 28. Rxd7 Qxd7 29. Kf1 Kg7 30. Ke2 h4 31. h3 Bf4 32. Rb3 Kh6 33. Rb4 f6 34. a4 Qxh3 35. a5 Nd7 36. Rb7 Nc5 37. Rb3 Nxb3 38. Bxb3 Qd7 39. Bc4 h3 40. Kf1 h2 41. Kg2 Qh3+ 0-1

[Event "CZE-ch Open 2019"]
[Site "Ostrava"]
[Date "2019.05.01"]
[Round "5.17"]
[White "Serrano Salvador, Eduardo"]
[Black "Ockay, Tomas"]
[Result "1-0"]
[ECO "E12"]
[WhiteElo "2305"]
[BlackElo "2131"]
[Annotator "NA"]
[PlyCount "89"]
[EventDate "2019.04.27"]
[EventType "swiss"]
[EventCountry "CZE"]
[SourceTitle "playchess.com"]
[Source "ChessBase"]
[SourceQuality "1"]
[TimeControl "40/5400+30:1800+30"]

1. d4 Nf6 2. Nf3 e6 3. c4 b6 4. a3 Bb7 5. Nc3 Ne4 6. Nxe4 Bxe4 7. Nd2 Bb7 8. e4 Be7 9. Bd3 O-O 10. O-O d5 11. cxd5 exd5 12. e5 c5 13. f4 Nc6 14. Nf3 f5 15. exf6 Bxf6 16. dxc5 bxc5 17. Qc2 g6 18. Qxc5 Rc8 19. Qb5 Qb6+ 20. Qxb6 axb6 21. Rb1 Nd4 22. Nxd4 Bxd4+ 23. Kh1 Rce8 24. Bd2 Be3 25. Rbd1 d4 26. h3 Kg7 27. Kh2 Bc6 28. Bxe3 dxe3 29. Be2 Rf5 30. Rc1 Bb5 31. Bxb5 Rxb5 32. Rc2 Rb3 33. Re2 Kf6 34. Kg3 g5 35. Rc1 Rd8 36. fxg5+ Kxg5 37. Rcc2 Rd4 38. Rc3 Rxc3 39. bxc3 Ra4 40. Rb2 Kf5 41. Kf3 e2 42. Rb5+ Ke6 43. Rxb6+ Kd5 44. Kxe2 Rxa3 45. Rb7 1-0

[Event "CZE-ch Open 2019"]
[Site "Ostrava"]
[Date "2019.05.01"]
[Round "5.18"]
[White "Otruba, Marek"]
[Black "Sramek, Vojtech"]
[Result "1/2-1/2"]
[ECO "A40"]
[WhiteElo "2103"]
[BlackElo "2304"]
[Annotator "NA"]
[PlyCount "63"]
[EventDate "2019.04.27"]
[EventType "swiss"]
[EventCountry "CZE"]
[SourceTitle "playchess.com"]
[Source "ChessBase"]
[SourceQuality "1"]
[TimeControl "40/5400+30:1800+30"]

1. d4 Nf6 2. c4 e6 3. g3 Bb4+ 4. Bd2 Qe7 5. Bg2 Nc6 6. Nf3 Bxd2+ 7. Nbxd2 d6 8. O-O O-O 9. e4 e5 10. d5 Nb8 11. Ne1 a5 12. Nd3 Bg4 13. Qc2 Be2 14. Rfe1 Bxd3 15. Qxd3 Na6 16. b3 c6 17. Qc3 cxd5 18. cxd5 Nc5 19. Nc4 Qc7 20. Rac1 Rfc8 21. f4 b5 22. Ne3 Qd7 23. fxe5 dxe5 24. Nf5 g6 25. Qxe5 Nd3 26. Rxc8+ Rxc8 27. Qxf6 Qa7+ 28. Re3 gxf5 29. Qg5+ Kh8 30. Qf6+ Kg8 31. Qg5+ Kh8 32. Qf6+ 1/2-1/2

[Event "CZE-ch Open 2019"]
[Site "Ostrava"]
[Date "2019.05.01"]
[Round "5.19"]
[White "Neumann, Filip"]
[Black "Belunek, Vladimir"]
[Result "1/2-1/2"]
[ECO "C50"]
[WhiteElo "2076"]
[BlackElo "2201"]
[Annotator "NA"]
[PlyCount "76"]
[EventDate "2019.04.27"]
[EventType "swiss"]
[EventCountry "CZE"]
[SourceTitle "playchess.com"]
[Source "ChessBase"]
[SourceQuality "1"]
[TimeControl "40/5400+30:1800+30"]

1. e4 e5 2. Nf3 Nc6 3. Bc4 Bc5 4. O-O Nf6 5. d3 d6 6. c3 a6 7. a4 h6 8. Na3 O-O 9. Nc2 Ba7 10. Be3 d5 11. exd5 Nxd5 12. Bxa7 Rxa7 13. Re1 Re8 14. d4 Nb6 15. Bb3 exd4 16. Rxe8+ Qxe8 17. Nfxd4 Na5 18. Ne3 c5 19. Ndf5 Bxf5 20. Nxf5 Nxb3 21. Qxb3 Qe6 22. Qxe6 fxe6 23. Nd6 Nd5 24. Re1 b5 25. axb5 axb5 26. Nxb5 Ra2 27. b3 Rb2 28. c4 Rxb3 29. cxd5 Rxb5 30. dxe6 Kf8 31. f4 c4 32. Rc1 Ke7 33. Rxc4 Kxe6 34. Rc7 g5 35. Rh7 Kf5 36. Rxh6 Rb1+ 37. Kf2 Rb2+ 38. Kg1 Rb1+ 1/2-1/2

[Event "CZE-ch Open 2019"]
[Site "Ostrava"]
[Date "2019.05.01"]
[Round "5.20"]
[White "Malinovsky, Petr"]
[Black "Vrana, Frantisek"]
[Result "0-1"]
[ECO "E46"]
[WhiteElo "2003"]
[BlackElo "2267"]
[Annotator "NA"]
[PlyCount "104"]
[EventDate "2019.04.27"]
[EventType "swiss"]
[EventCountry "CZE"]
[SourceTitle "playchess.com"]
[Source "ChessBase"]
[SourceQuality "1"]
[TimeControl "40/5400+30:1800+30"]

1. d4 Nf6 2. c4 e6 3. Nc3 Bb4 4. e3 O-O 5. Nge2 Re8 6. a3 Bf8 7. Ng3 d6 8. Bd3 Nbd7 9. O-O c5 10. b3 b6 11. Bb2 Bb7 12. Qe2 Qc7 13. Rac1 a6 14. Bb1 Rad8 15. Rfd1 Qb8 16. Qc2 g6 17. Rd2 Qa8 18. f3 Bh6 19. Re1 d5 20. Rde2 cxd4 21. exd4 Rc8 22. Qd3 Qb8 23. Bc1 Bf8 24. Ba2 a5 25. Nb5 Bc6 26. a4 Qb7 27. Bf4 Bxb5 28. axb5 Ra8 29. h4 a4 30. h5 axb3 31. Bxb3 dxc4 32. Bxc4 Nd5 33. Bc1 Nb4 34. Qb1 Qc7 35. hxg6 hxg6 36. Bxe6 Qxg3 37. Bxf7+ Kxf7 38. Qb3+ Kg7 39. Rxe8 Rxe8 40. Rxe8 Qd6 41. d5 Nxd5 42. Bb2+ Kf7 43. Rc8 Nc5 44. Qa2 Qe6 45. Qa7+ Be7 46. Rc6 Qe3+ 47. Kh2 Qd2 48. Ba1 Ne6 49. Qd7 Qh6+ 50. Kg1 Qe3+ 51. Kh2 Ndf4 52. Qd1 Ne2 0-1

[Event "CZE-ch Open 2019"]
[Site "Ostrava"]
[Date "2019.05.01"]
[Round "5.21"]
[White "Vesselovsky, Serguei"]
[Black "Babula, Milan"]
[Result "0-1"]
[ECO "C10"]
[WhiteElo "2335"]
[BlackElo "2204"]
[Annotator "ChessBase"]
[PlyCount "150"]
[EventDate "2019.04.27"]
[EventType "swiss"]
[EventCountry "CZE"]
[SourceTitle "playchess.com"]
[Source "ChessBase"]
[SourceQuality "1"]
[TimeControl "40/5400+30:1800+30"]

1. e4 e6 2. d4 d5 3. Nc3 Be7 4. Bd3 b6 5. Nf3 Nf6 6. O-O Bb7 7. Qe2 dxe4 8. Nxe4 Nxe4 9. Bxe4 Bxe4 10. Qxe4 Nd7 11. Bf4 O-O 12. c4 Nf6 13. Qe2 Bd6 14. Bg5 h6 15. Bh4 Be7 16. Rad1 Nd7 17. Bg3 Bd6 18. Ne5 Bxe5 19. dxe5 Qe7 20. Bh4 g5 21. Bg3 Rfd8 22. Qh5 Kg7 23. f4 Nf8 24. fxg5 hxg5 25. h4 Rxd1 26. Rxd1 Rd8 27. Rxd8 Qxd8 28. Qg4 Nh7 29. hxg5 Qxg5 30. Qxg5+ Nxg5 31. Bh4 Kg6 32. Kf2 Kf5 33. Ke3 c6 34. Bg3 Ne4 35. Bh2 Nc5 36. Kf3 Nd3 37. g4+ Kg6 38. b3 Nc1 39. Bf4 Nxa2 40. Bd2 c5 41. Ke4 Nb4 42. Bf4 Nc6 43. Kd3 Kg7 44. Kc3 Kf8 45. Kd3 Ke8 46. Bg3 Kd7 47. Bf4 Kc7 48. Bg3 Ne7 49. Ke4 Nc6 50. Kd3 a6 51. Bf4 b5 52. Kc3 Kb6 53. Bg3 a5 54. cxb5 Kxb5 55. Bf4 Nb4 56. Bd2 Nd5+ 57. Kd3 Nb6 58. Ke4 c4 59. bxc4+ Nxc4 60. Bc3 a4 61. Kf4 a3 62. Ba1 Nd2 63. Kg5 Nb3 64. Kf6 Nxa1 65. Kxf7 Nc2 66. g5 Nd4 67. g6 Nf5 68. Kxe6 Nh6 69. Kd7 a2 70. e6 a1=Q 71. e7 Qa7+ 72. Ke8 Qa8+ 73. Kd7 Qc6+ 74. Kd8 Qd6+ 75. Ke8 Nf5 0-1

[Event "CZE-ch Open 2019"]
[Site "Ostrava"]
[Date "2019.05.01"]
[Round "5.22"]
[White "Michenka, Jozef"]
[Black "Jun, Rudolf Jr."]
[Result "1/2-1/2"]
[ECO "E70"]
[WhiteElo "2287"]
[BlackElo "2138"]
[Annotator "NA"]
[PlyCount "93"]
[EventDate "2019.04.27"]
[EventType "swiss"]
[EventCountry "CZE"]
[SourceTitle "playchess.com"]
[Source "ChessBase"]
[SourceQuality "1"]
[TimeControl "40/5400+30:1800+30"]

1. d4 Nf6 2. c4 g6 3. Nc3 Bg7 4. e4 d6 5. Bd3 O-O 6. Nge2 e5 7. d5 c5 8. O-O Ne8 9. f4 exf4 10. Bxf4 Nd7 11. Ng3 Ne5 12. Be2 h6 13. Be3 Bd7 14. Qd2 Kh7 15. Rf4 a6 16. a4 Nf6 17. h3 Ng8 18. b3 Ne7 19. Raf1 Qb6 20. Qc2 Rae8 21. R4f2 f5 22. Bd1 fxe4 23. Rxf8 Rxf8 24. Rxf8 Bxf8 25. Ncxe4 Bg7 26. Qf2 Nf5 27. Nxf5 Bxf5 28. Ng3 Bd3 29. Kh2 Qd8 30. Ne2 Bf5 31. Nf4 Nd3 32. Nxd3 Bxd3 33. Bf4 Qf6 34. Qg3 Be4 35. Bf3 Bxf3 36. Qxf3 Qe7 37. Qg3 Bf8 38. Qg4 Bg7 39. Qg3 Bf8 40. Qe3 Qxe3 41. Bxe3 a5 42. Kg3 Be7 43. Kf3 g5 44. Ke4 Kg6 45. g4 b6 46. Bf2 Bf6 47. Bg3 1/2-1/2